 Dungeon Crawl Stone Soup version 0.20-a0-1078-g4874019 (webtiles) character file.

4 Chaoticas the Grave Robber (level 1, -1/14 HPs)
             Began as a Hill Orc Necromancer on Apr 30, 2017.
             Slain by a kobold
             ... wielding a +0 short sword
              (2 damage)
             ... on level 1 of the Dungeon.
             The game lasted 00:00:37 (77 turns).

Chaoticas the Grave Robber (Hill Orc Necromancer)     Turns: 77, Time: 00:00:37

Health: -1/14      AC:  2    Str: 10    XL:     1   Next: 60%
Magic:  1/3        EV: 12    Int: 15    God:
Gold:   13         SH:  0    Dex: 11    Spells: 2/3 levels left

rFire    . . .     SeeInvis .   (no weapon)
rCold    . . .     Gourm    .   (no shield)
rNeg     . . .     Faith    .   a - +0 robe
rPois    .         Spirit   .   (no helmet)
rElec    .         Reflect  .   (no cloak)
rCorr    .         Harm     .   (no gloves)
MR       .....                  (no boots)
Stlth    ++........             (no amulet)
Regen    0.1/turn               (no ring)
MPRegen  0.1/turn               (no ring)

@: no status effects
A: no striking features
a: no special abilities


You were on level 1 of the Dungeon.
You were not hungry.

You visited 1 branch of the dungeon, and saw 1 of its levels.

You collected 13 gold pieces.

Inventory:

Armour
 a - a +0 robe (worn)
Books
 A - a book of Necromancy

   Spells                             Type                      Level
   a - Pain                           Necromancy                   1
   b - Animate Skeleton               Necromancy                   1
   c - Vampiric Draining              Necromancy                   3
   d - Regeneration                   Charms/Necromancy            3
   e - Animate Dead                   Necromancy                   4
   f - Control Undead                 Necromancy                   4
Comestibles
 c - a bread ration
 Z - 2 chunks of flesh


   Skills:
 - Level 1.5 Dodging
 - Level 1.5 Stealth
 * Level 1.7 Spellcasting
 * Level 4.1 Necromancy


You had 2 spell levels left.
You knew the following spells:

 Your Spells              Type           Power        Failure   Level  Hunger
a - Pain                  Necr           ##..         4%          1    ##.....


Dungeon Overview and Level Annotations

Branches:
Dungeon (1/15)

Altars:


Message History

You see here a jackal corpse.
You butcher the jackal corpse.
You see here 2 chunks of flesh.
You see here 2 chunks of flesh.
Z - 2 chunks of flesh The jackal barks!
The jackal closely misses you. The jackal barely misses you.
The jackal bites you but does no damage.
There is an open door here.
Casting: Pain
Confirm with . or Enter, or press ? or * to list all spells.
Aiming: Pain
Press: ? - help, Shift-Dir - straight line, f - jackal
Aim: a jackal (chance to defeat MR: 83%)
The jackal writhes in agony!
The jackal bites you.
Casting: Pain
Confirm with . or Enter, or press ? or * to list all spells.
Aiming: Pain
Press: ? - help, Shift-Dir - straight line, f/p - jackal
Aim: a jackal (lightly wounded, chance to defeat MR: 83%)
The jackal writhes in agony!
The jackal bites you. The jackal closely misses you.
Casting: Pain
Confirm with . or Enter, or press ? or * to list all spells.
Aiming: Pain
Press: ? - help, Shift-Dir - straight line, f/p - jackal
Aim: a jackal (lightly wounded, chance to defeat MR: 83%)
The jackal writhes in agony!
You kill the jackal!
* * * LOW MAGIC WARNING * * *
You hit the kobold but do no damage. The kobold hits you but does no damage.
Casting: Pain
Confirm with . or Enter, or press ? or * to list all spells.
You don't have enough magic to cast that spell.
Unknown command.
The kobold hits you with a short sword.
* * * LOW HITPOINT WARNING * * *
The kobold hits you with a short sword.
* * * LOW HITPOINT WARNING * * *
You hit the kobold.
The kobold is severely wounded.
You closely miss the kobold.
The kobold is severely wounded.
The kobold hits you with a short sword.
* * * LOW HITPOINT WARNING * * *
You hit the kobold but do no damage.
The kobold is severely wounded.
The kobold hits you with a short sword.
You die...

#.#.#.#..#.. #.........!.
......#.#.#.#. .#### #...#
########### ######.##
#T#K#g#^#^##### #^#M##'##
############^#^#########...###
##..........#####O#V#.....>.#N#
#<.............@#####.###...###
##......#######.K.....#o##+##
########g#i#x###########
#a#H#p#######c#^#d#T# #######
#########


You could see a centaur and a kobold.

Vanquished Creatures
  3 jackals (D:1)
3 creatures vanquished.

Notes
Turn   | Place    | Note
-------+----------+-------------------------------------------
     0 | D:1      | Chaoticas the Hill Orc Necromancer began the quest for the Orb.
     0 | D:1      | Reached XP level 1. HP: 14/14 MP: 3/3
     0 | D:1      | Noticed a troll
     0 | D:1      | Noticed a formicid
     1 | D:1      | Noticed a minotaur
     3 | D:1      | Noticed a dwarf
     3 | D:1      | Noticed a human
     6 | D:1      | Noticed a dwarf
     8 | D:1      | Noticed a spriggan
    10 | D:1      | Noticed an octopode
    12 | D:1      | Noticed a centaur
    14 | D:1      | Noticed an ogre
    16 | D:1      | Noticed a vampire
    16 | D:1      | Noticed a draconian
    18 | D:1      | Noticed a troll
    20 | D:1      | Noticed a naga
    65 | D:1      | HP: 5/14 [kobold/short sword (3)]
    73 | D:1      | HP: 4/14 [kobold/short sword (1)]
    76 | D:1      | HP: 1/14 [kobold/short sword (4)]
    77 | D:1      | Slain by a kobold

Vault maps used:
D:1:      shiori_arrival_whats_in_store_for_you,
          hangedman_decor_clover_reticule, minmay_tetromino_l4

Action                   || total
-------------------------++-------
Melee: Unarmed           ||     4
 Cast: Pain              ||     5
Armor: Robe              ||     2
Dodge: Dodged            ||     3
